 Dungeon Crawl Stone Soup version 0.25.1-2-g60ff931df9 (webtiles) character file.

Game seed: 1407193764607076346

54 Juudaz the Skirmisher (level 3, 0/24 HPs)
             Began as a Gargoyle Monk on Aug 21, 2020.
             Slain by a frilled lizard (1 damage)
             ... on level 2 of the Dungeon.
             The game lasted 00:12:09 (2099 turns).

Juudaz the Skirmisher (Gargoyle Monk)               Turns: 2099, Time: 00:12:09

Health: 0/24       AC:  3    Str: 15    XL:     3   Next: 91%
Magic:  12/12      EV: 12    Int: 10    God:
Gold:   107        SH:  0    Dex: 12    Spells: 2/2 levels left

rFire    . . .     SeeInvis .     - Unarmed
rCold    . . .     Gourm    .   (no shield)
rNeg     + . .     Faith    .   (no armour)
rPois    ∞         Spirit   .   (no helmet)
rElec    +         Reflect  .   (no cloak)
rCorr    .         Harm     .   (no gloves)
MR       .....                  (no boots)
Stlth    ++........             (no amulet)
HPRegen  0.08/turn              i - ring of magical power
MPRegen  0.13/turn              (no ring)

@: no status effects
A: negative energy resistance 1, electricity resistance, unbreathing,
petrification resistance, rot immunity, AC +3
a: no special abilities


You were on level 2 of the Dungeon.
You were not hungry.

You visited 1 branch of the dungeon, and saw 2 of its levels.

You collected 107 gold pieces.

Inventory:

Armour
 a - a +0 robe
Jewellery
 i - a ring of magical power (left hand)
Scrolls
 c - 2 scrolls of remove curse {unknown}
 d - a scroll of noise {unknown}
 f - 2 scrolls of identify {unknown}
 h - 2 scrolls of immolation {unknown}
 j - a scroll of enchant armour {unknown}
Potions
 e - a potion of mutation {unknown}
 g - a potion of curing {unknown}
 k - a potion of cancellation {unknown}
Comestibles
 b - 2 rations
 l - 3 chunks of flesh


   Skills:
 + Level 4.3 Fighting
 - Level 2.4 Dodging
 - Level 2.1 Stealth
 + Level 3.9 Unarmed Combat


You had 2 spell levels left.
You didn't know any spells.
Your spell library was empty.

Dungeon Overview and Level Annotations

Branches:
Dungeon (2/15)

Altars:


Innate Abilities, Weirdness & Mutations

You are resistant to torment.
Your stone body is resilient. (AC +3)
You are immune to poison.
You resist negative energy. (rN+)
You are resistant to electric shocks. (rElec)
You can survive without breathing.
You are immune to petrification.
You are immune to rotting.


Message History

* * * LOW HITPOINT WARNING * * *
You miss the adder.
The adder is heavily wounded.
The adder bites you.
* * * LOW HITPOINT WARNING * * *
The frilled lizard misses you. The adder misses you.
You miss the adder.
The adder is heavily wounded.
The frilled lizard closely misses you. The adder bites you but does no damage.
You hit the adder.
The adder is severely wounded.
The frilled lizard closely misses you. The adder closely misses you.
You hit the adder.
You kill the adder!
The frilled lizard bites you but does no damage.
You closely miss the frilled lizard. The frilled lizard bites you.
* * * LOW HITPOINT WARNING * * *
You completely miss the frilled lizard. The frilled lizard barely misses you.
You miss the frilled lizard. The frilled lizard bites you.
You die...

#######)....#.......
############
#.....#.......
#..........#
#.....#.......
#..........#
#.....#.......
#..........#
#######.......
#..........###########
#.......
#..........#........%.
########
#..........#..........
#..........#..@.......
#..........#...l......
##
####.[..####..........
...
#......###.$........
#..
#......'.'..........
#..
#...)..###..........
#..
#.......###########.
#.. ##......# #..
#......# ###


You could see a frilled lizard.

Vanquished Creatures
  An adder (D:2)
  A worm (D:2)
  A dart slug (D:2)
  A leopard gecko (D:1)
  An orc (D:2)
  4 bats
  A giant cockroach (D:2)
  11 goblins
  4 hobgoblins
  2 frilled lizards (D:2)
  6 kobolds
  3 rats (D:1)
36 creatures vanquished.

Notes
Turn   | Place    | Note
-------+----------+-------------------------------------------
     0 | D:1      | Juudaz the Gargoyle Monk began the quest for the Orb.
     0 | D:1      | Reached XP level 1. HP: 14/14 MP: 1/1
   203 | D:1      | Reached XP level 2. HP: 19/19 MP: 2/2
  1564 | D:2      | Reached XP level 3. HP: 22/24 MP: 3/3
  1594 | D:2      | Reached skill level 4 in Fighting
  2097 | D:2      | HP: 1/24 [frilled lizard (3)]
  2099 | D:2      | Slain by a frilled lizard

Illustrated notes

Levels and vault maps discovered:
D:1:      wander_arrival_estate, layout_loops_corners
D:2:      layout_basic, lemuel_round_altar, minmay_misc_feat_doors

Skill      XL: |  1  2  3 |
---------------+----------+-----
Fighting       | 4 |  4.3
Dodging        | |  2.4
Stealth        | |  2.1
Unarmed Combat | |  3.9

Action                   || total
-------------------------++-------
Melee: Unarmed           ||   155
       Punch             ||     2
 Stab: Sleeping          ||     8
  Eat: Ration            ||     1
Armor: Robe              ||    19
       Skin              ||     6
Dodge: Dodged            ||   100
